 Dungeon Crawl Stone Soup version 0.29.0-7-g18a832c13a (webtiles) character file.

Game seed: 3666782265070309182

328 ProzacElf the Covered (level 6, -4/66 HPs)
             Began as a Demonspawn Wanderer on Aug 30, 2022.
             Was an Initiate of Nemelex Xobeh.
             Splashed by a jelly's acid (6 damage)
             ... on level 4 of the Dungeon.
             The game lasted 00:07:04 (3348 turns).

ProzacElf the Covered (Demonspawn Wanderer)         Turns: 3348, Time: 00:07:05

Health: -4/66      AC:  0    Str: 21    XL:     6   Next: 25%
Magic:  6/6        EV:  8    Int: 12    God:    Nemelex Xobeh [......]
Gold:   71         SH:  0    Dex: 13    Spells: 5/5 levels left

rFire   + . .      SeeInvis .   a - +0 hand axe (elec)
rCold   . . .      Faith    .   (no shield)
rNeg    . . .      Spirit   .   b - +0 chain mail
rPois   .          Reflect  .   r - +0 helmet
rElec   .          Harm     .   (no cloak)
rCorr   .          Rampage  .   (no gloves)
Will    .....                   (no boots)
Stlth   ..........              (no amulet)
HPRegen 0.21/turn               h - ring of protection from fire
MPRegen 0.10/turn               j - +6 ring of strength

@: berserking, corroded, very quick
A: hooves 1, demonic touch 2
a: Renounce Religion, Draw Escape, Draw Destruction, Draw Summoning


You were on level 4 of the Dungeon.
You worshipped Nemelex Xobeh.
Nemelex Xobeh was noncommittal.
You visited 2 branches of the dungeon, and saw 5 of its levels.

You collected 104 gold pieces.
You spent 33 gold pieces at shops.

Inventory:

Hand Weapons
 a - a +0 hand axe of electrocution (weapon)
 d - a +0 dagger
 t - a +0 mace
Missiles
 c - 18 poisoned darts (quivered)
Armour
 b - a +0 chain mail (worn)
 r - a +0 helmet (worn)
Jewellery
 h - a ring of protection from fire (left hand)
 j - a +6 ring of strength (right hand)
Wands
 l - a wand of charming (2)
Scrolls
 e - 2 scrolls of vulnerability
 i - 3 scrolls of fear {unknown}
 k - a scroll of immolation {unknown}
 n - 3 scrolls of teleportation {unknown}
 p - a scroll of acquirement {unknown}
 q - 3 scrolls of identify {unknown}
 s - a scroll of poison {unknown}
Potions
 f - a potion of ambrosia {unknown}
 g - 2 potions of heal wounds {unknown}
 m - 2 potions of berserk rage
 o - a potion of degeneration {unknown}
 v - a potion of magic {unknown}


   Skills:
 - Level 2.0 Fighting
 + Level 2.2(2.5) Axes
 - Level 1.3(2.0) Maces & Flails
 - Level 3.0 Throwing
 - Level 5.0 Armour
 - Level 1.7 Dodging
 - Level 1.2 Invocations


You had 5 spell levels left.
You didn't know any spells.
Your spell library was empty.

Dungeon Overview and Level Annotations

Branches:
Dungeon (4/15)             Temple (1/1) D:4

Altars:
Ashenzari
Cheibriados
Dithmenos
Fedhas
Gozag
Hepliaklqana
Makhleb
Nemelex Xobeh
Okawaru
Ru
Trog
Uskayaw
Yredelemnul

Shops:
D:3 *


Innate Abilities, Weirdness & Mutations

You have large cloven feet.
Your touch may inflict irresistible damage on your foes.


Message History

Ye closely miss tha orc.
Ye kick tha orc.
Tha orc be lightly wounded.
Tha orc barely misses ye.
Tha orc hits ye wit' a +0 short sword.
Ye take 4 damage, an' haf 39/44 hp.
Ye hit tha orc but do nay damage.
Ye kick tha orc, but do nay damage.
Ye punch tha orc, but do nay damage.
Tha orc be lightly wounded.
Tha orc hits ye but does nay damage.
Tha orc hits ye from afar wit' a +0 trident.
Ye take 2 damage, an' haf 37/44 hp.
Ye hit tha orc but do nay damage.
Lightnin' courses through tha orc!
Ye kill tha orc!
Tha orc hits ye from afar wit' a +0 trident.
Ye take 6 damage, an' haf 31/44 hp.
Tha orc closely misses ye.
Ye hit tha jelly.
Tha acid corrodes ye!
Yer hands burn!
Ye kick tha jelly.
Tha jelly be moderately wounded.
Ye closely miss tha orc.
Tha jelly hits ye.
Tha acid corrodes ye!
Ye be splashed wit' acid!
Tha orc hits ye wit' a +0 trident.
Ye take 15 damage, an' haf 16/44 hp.
MASSIVE DAMAGE!!
Ye be too injured ta fight recklessly!
Ye be too injured ta fight recklessly!
Ye completely miss tha jelly.
Ye kick tha jelly, but do nay damage.
Tha jelly be moderately wounded.
Ye closely miss tha orc.
Tha jelly hits ye.
Tha acid corrodes ye!
Ye be splashed wit' acid!
* * * LOW HITPOINT WARNIN'
* * * Tha orc hits ye wit' a +0 trident!
* * * LOW HITPOINT WARNIN'
* * * Ye take 15 damage, an' haf 1/44 hp.
MASSIVE DAMAGE!!
Ye feel better.
Tha jelly barely misses ye.
Tha orc hits ye wit' a +0 trident.
* * * LOW HITPOINT WARNIN'
* * * Ye regain'd 2 hp, an' now haf 3/44 hp.
Okay, than.
A red film seems ta co'er yer vision as ye go berserk!
Ye feel yerself movin' faster!
Ye feel mighty!
Tha jelly hits ye.
* * * LOW HITPOINT WARNIN'
* * * Ye be splashed wit' acid.
Ye die...
Yer body disappears without a glow.

#........... #####..###..#
#..# ..###..###..# ..# ..#
............. ... ...
....<........ ... ...
...#....########.# ..#
######..###......##..###
#### #....#...8⌠Jo...$...
#... #.)..#......@.......
#... #....#...8⌠.>)...##.
#..# #....#...........#
#..#### ###..###.8⌠.##...#
#..##.. #..###....######
#..##..
#....÷.).......######......
+...........)..............
###.###..###†...###._.###..
#.# #..# ......#...#....


You could see a jelly and an orc.

Vanquished Creatures
  A kobold brigand (D:3)
  A scorpion (D:4)
  An orc priest (D:3)
  An iguana (D:4)
  An orc wizard (D:3)
  Robin (D:2)
  A gnoll (D:1)
  2 worms (D:2)
  3 dart slugs
  5 orcs
  5 bats (D:1)
  7 endoplasms
  3 giant cockroaches
  12 goblins
  10 hobgoblins
  2 jackals (D:3)
  6 ball pythons
  4 frilled lizards
  6 kobolds
  6 rats
78 creatures vanquished.

Notes
Turn   | Place    | Note
-------+----------+-------------------------------------------
     0 | D:1      | ProzacElf the Demonspawn Wanderer began the quest for the
                  | Orb.
     0 | D:1      | ProzacElf set off with the following items: a +0 mace, a +0
                  | chain mail, 10 poisoned darts, a +0 dagger, a scroll of
                  | vulnerability.
     0 | D:1      | Reached XP level 1. HP: 16/16 MP: 1/1
    75 | D:1      | Reached skill level 3 in Armour
    75 | D:1      | Discovered your monstrous ancestry.
    75 | D:1      | Gained mutation: You have large cloven feet. [demonic
                  | ancestry]
    75 | D:1      | Reached XP level 2. HP: 22/22 MP: 2/2
   302 | D:1      | Gained mutation: Your touch may inflict minor irresistible
                  | damage on your foes. [demonic ancestry]
   302 | D:1      | Reached XP level 3. HP: 19/27 MP: 3/3
  1365 | D:2      | Noticed Robin
  1390 | D:2      | Gained mutation: Your touch may inflict irresistible damage
                  | on your foes. [demonic ancestry]
  1390 | D:2      | Reached XP level 4. HP: 32/33 MP: 4/4
  1390 | D:2      | Killed Robin
  1977 | D:3      | Reached skill level 4 in Armour
  2000 | D:3      | Reached XP level 5. HP: 20/38 MP: 5/5
  2455 | D:3      | Found a faded altar of an unknown god.
  2462 | D:3      | Reached skill level 1 in Axes
  2462 | D:3      | Found a hazy altar of Hepliaklqana.
  2557 | D:3      | Found Lusaj's General Store.
  2563 | D:3      | Bought a potion of curing for 33 gold pieces
  2710 | D:4      | Found a broken altar of Ashenzari.
  2724 | D:4      | Found a sparkling altar of Nemelex Xobeh.
  2732 | D:4      | Became a worshipper of Nemelex Xobeh the Trickster
  2755 | D:4      | Noticed an ogre
  2756 | D:4      | Noticed an ogre
  3041 | D:4      | Found a staircase to the Ecumenical Temple.
  3061 | D:4      | Reached skill level 5 in Armour
  3061 | D:4      | Reached XP level 6. HP: 19/44 MP: 6/6
  3067 | Temple   | Entered the Ecumenical Temple
  3346 | D:4      | HP: 1/44 [orc/+0 trident (7)]
  3348 | D:4      | Splashed by a jelly's acid

Illustrated notes

Levels and vault maps discovered:
D:1:      evilmike_arrival_rings, layout_loops_ring
D:2:      layout_loops_ring, uniq_robin
D:3:      layout_loops_ring, beargit_hepliaklqana_dungeon_heroes, serial_shops,
          nicolae_shop_hallway_stairs, moated_statue
D:4:      minmay_wonky_spiral, layout_gridville,
          mainiacjoe_overflow_large_starburst,
          minmay_temple_entry_drinking_statues, minmay_fractal_squares_5
Temple:   nicolae_temple_x_marks_the_god

Skill      XL: |  1  2  3  4  5 |
---------------+----------------+-----
Armour         | 3 4 5 |  5.0
Throwing       | 2 3 |  3.0
Axes           | 2 |  2.2
Fighting       | |  2.0
Maces & Flails | |  1.3
Dodging        | |  1.7
Invocations    | |  1.2

Action                   |  1- 3 |  4- 6 || total
-------------------------+-------+-------++-------
Melee: Mace              |    92 |    45 ||   137
       Kick              |    20 |    19 ||    39
       Touch             |     8 |     9 ||    17
       Punch             |       |     2 ||     2
       Hand axe          |       |    39 ||    39
Throw: Dart              |     4 |     4 ||     8
  Use: Potion            |       |     5 ||     5
Armor: Chain mail        |    63 |    60 ||   123
Dodge: Dodged            |    36 |    36 ||    72
